 Dungeon Crawl Stone Soup version 0.31.0-11-ge490571c62 (webtiles) character file.

Game seed: 5841842757487911374

86 qw the Shooter (level 4, -4/25 HPs)
             Began as a Deep Elf Hunter on Feb 3, 2024.
             Slain by a gnoll
             ... wielding a +0 spear
              (5 damage)
             ... on level 2 of the Dungeon.
             The game lasted 00:00:05 (1105 turns).

qw the Shooter (Deep Elf Hunter)                    Turns: 1105, Time: 00:00:06

Health: -4/25      AC:  5    Str: 10    XL:     4   Next: 27%
Magic:  6/6        EV: 11    Int: 14    God:
Gold:   87         SH:  0    Dex: 18    Spells: 3/3 levels left

rFire   . . .        a - +1 shortbow
rCold   . . .        (shield currently unavailable)
rNeg    . . .        d - +0 ring mail
rPois   .            (no helmet)
rElec   .            (no cloak)
rCorr   .            (no gloves)
SInv    .            (no boots)
Will    .....        (no amulet)
Stlth   +            (no ring)
HPRegen 0.24/turn    (no ring)
MPRegen 0.10/turn

%: no passive effects
@: lethally poisoned (-4 -> -13)
A: no striking features
a: no special abilities


You were on level 2 of the Dungeon.
You visited 1 branch of the dungeon, and saw 2 of its levels.

You collected 87 gold pieces.


   Skills:
 - Level 1.5 Fighting
 + Level 7.7 Ranged Weapons
 - Level 2.4 Dodging
 - Level 1.2 Stealth


You had 3 spell levels left.
You didn't know any spells.
Your spell library was empty.

Inventory:

Hand Weapons
 a - a +1 shortbow (weapon)
Armour
 d - a +0 ring mail (worn)
Jewellery
 b - a ring of magical power
Potions
 i - a potion of haste

Dungeon Overview and Level Annotations

Branches:
Dungeon (2/15)

Altars:


Message History

The adder bites you.
You are poisoned.
The adder poisons you! The gnoll hits you with a +0 club.
Enter note:
1098 ||| RETREEEEATING.
You feel sick. The gnoll barely misses you.
The adder bites you but does no damage.
Enter note:
1099 ||| RETREEEEATING.
You feel sick.
You shoot an arrow. The arrow hits the gnoll.
The gnoll is almost dead.
You feel sick.
You are no longer poisoned.
The gnoll barely misses you.
The gnoll hits you from afar with a +0 spear.
You shoot an arrow. The arrow hits the gnoll.
You kill the gnoll!
The adder closely misses you. The gnoll barely misses you.
You shoot an arrow. The arrow hits the adder.
The adder is lightly wounded.
The adder bites you but does no damage.
The gnoll hits you from afar with a +0 spear.
You shoot an arrow. The arrow barely misses the adder.
The arrow hits the gnoll.
The gnoll is moderately wounded.
The adder misses you. The gnoll barely misses you. The adder bites you.
You are poisoned.
The adder poisons you!
You shoot an arrow. The arrow barely misses the adder.
The arrow closely misses the gnoll.
The arrow hits the gnoll!
The gnoll is severely wounded.
You feel sick. The adder bites you but does no damage.
The gnoll closely misses you.
You shoot an arrow. The arrow hits the adder.
The adder is moderately wounded.
You feel sick. The adder bites you.
You are more poisoned.
The adder poisons you!
The gnoll hits you from afar with a +0 spear.
You die... ....... ...... ###...###.%.... #.......)....# #.......#.##... #.......# # ###...### #ggg#

##S## ###########@######
#......#..)#.....#
#..#......###..#.#
##.###..#...#.#.#.# #.##
##.......#.#.#######
##.###.....#..#.#.......#
#..#.#.#.##..#.#######.#
#......#.......# #.#
###.##.......### #.#


You could see 3 gnolls and an adder.

Vanquished Creatures
  5 gnolls
  A ball python (D:1)
  3 endoplasms (D:1)
  2 giant cockroaches (D:1)
  6 goblins
  2 hobgoblins (D:1)
  4 quokkas
  3 bats (D:1)
  3 frilled lizards (D:1)
  6 kobolds (D:1)
  4 rats (D:1)
39 creatures vanquished.

Notes
Turn   | Place    | Note
-------+----------+-------------------------------------------
     0 | D:1      | qw the Deep Elf Hunter began the quest for the Orb.
     0 | D:1      | Reached XP level 1. HP: 12/12 MP: 3/3
     0 | D:1      | 0 ||| qw: Version: 0.3-a-157-g843a77d
     0 | D:1      | 0 ||| qw: Game counter: 3609
     0 | D:1      | 0 ||| qw: Melee chars always use a shield: true
     0 | D:1      | 0 ||| qw: God list: Okawaru
     0 | D:1      | 0 ||| qw: Allow faded altars: false
     0 | D:1      | 0 ||| qw: Do Orc after clearing Dungeon:15 true
     0 | D:1      | 0 ||| qw: Do second Lair branch before Depths: true
     0 | D:1      | 0 ||| qw: Lair rune preference: random
     0 | D:1      | 0 ||| qw: Goals: Normal
     0 | D:1      | 0 ||| PLANNING D:1-11
    76 | D:1      | Reached XP level 2. HP: 16/16 MP: 4/4
    84 | D:1      | Reached skill level 6 in Ranged Weapons
   172 | D:1      | Found a faded altar of an unknown god.
   412 | D:1      | Reached XP level 3. HP: 20/20 MP: 5/5
   776 | D:1      | 776 ||| UPGRADING to +0 ring mail.
   786 | D:1      | 786 ||| DROPPING +0 leather armour.
   787 | D:1      | 787 ||| READING scroll labelled BUEXZO ELOO.
   788 | D:1      | 788 ||| READING scroll labelled LINUSE FAOWKAYPNYI.
   789 | D:1      | 789 ||| READING scroll labelled FOGAJAH KUUG.
   794 | D:1      | 794 ||| READING scroll labelled QAREIQ RODWU.
   794 | D:1      | 794 ||| IDENTIFYING clear potion
   795 | D:1      | 795 ||| READING scroll labelled DUOBIE LIMYF.
   795 | D:1      | 795 ||| ENCHANTING +0 shortbow.
   796 | D:1      | 796 ||| DROPPING scroll of butterflies.
   828 | D:2      | 828 ||| STAIRDANCE
   834 | D:1      | Reached skill level 7 in Ranged Weapons
   834 | D:1      | HP: 2/20 [gnoll/+0 flail (8)]
   914 | D:2      | 914 ||| STAIRDANCE
   958 | D:2      | Reached XP level 4. HP: 25/25 MP: 6/6
  1093 | D:2      | 1093 ||| RETREEEEATING.
  1094 | D:2      | 1094 ||| RETREEEEATING.
  1095 | D:2      | 1095 ||| RETREEEEATING.
  1096 | D:2      | 1096 ||| RETREEEEATING.
  1098 | D:2      | 1098 ||| RETREEEEATING.
  1099 | D:2      | 1099 ||| RETREEEEATING.
  1104 | D:2      | HP: 6/25 [poisoned by an adder]
  1105 | D:2      | HP: 1/25 [adder (3)]
  1105 | D:2      | Slain by a gnoll

Levels and vault maps discovered:
D:1:      dpeg_arrival_rooms_with_view, layout_loops_cross,
          shapermc_ecumenical_altar_acropolis, serial_forest,
          infiniplex_forest_clump_tiny, infiniplex_forest_side_room,
          infiniplex_forest_clump_diagonal, infiniplex_forest_clump_cross
D:2:      layout_loops_cross

Skill      XL: |  1  2  3 |
---------------+----------+-----
Ranged Weapons | 6 7 |  7.7
Fighting       | |  1.5
Dodging        | |  2.4
Stealth        | |  1.2

Action                     |  1- 3 |  4- 6 || total
---------------------------+-------+-------++-------
   Fire: Shortbow          |    82 |    18 ||   100
    Use: Scroll            |     5 |       ||     5
 Armour: Leather armour    |     4 |       ||     4
         Ring mail         |    10 |    12 ||    22
  Dodge: Dodged            |    14 |     8 ||    22

Table legend:
 A = Non-vault XP
 B = Vault XP
 C = Vault XP percentage of total XP
 D = Non-vault monster count
 E = Vault monster count
 F = Vault count percentage of total count
                 A         B        C        D         E       F
            +---------+---------+-------+---------+---------+-------
      Total |     121 |       3 |   2.4 |      37 |       2 |   5.1
            +---------+---------+-------+---------+---------+-------
        D:1 |      88 |       3 |   3.3 |      32 |       2 |   5.9
        D:2 |      33 |       0 |   0.0 |       5 |       0 |   0.0
            +---------+---------+-------+---------+---------+-------
